AoeStats
← Woyschtel

Nomad

508946195Analyzed
4v4 RM · 9d ago on Sep 24, 2026· 43m 22s· 8 players
Game mode
Random Map
Map size
231×231
Population
200
Speed
Normal
Resources
Standard
Victory
Conquest
Starting age
Dark Age
Ending age
Imperial Age
RankedLock teamsTeams togetherTeam positionsShared explorationLock speedFull tech treeHidden civsTurbo modeCheats
Victory
Defeat
🇺🇸 Danes · United States
1196
+14
1157
+15
🇺🇸 Khitans · United States
1138
+16
🇧🇴 Huns · Bolivia
1109
+17
🇩🇪 Danes · Germany
1312
-21
🇩🇪 Slavs · Germany
1244
-20
🇩🇪 Teutons · Germany
1018
-11
🇦🇹 Spanish · Austria
1008
-10
opennetus
5:24 Loom
13:56 Feudal Age
15:34 Double-Bit Axe
15:42 Stone Mining
15:44 Gold Mining
17:15 Fletching
19:47 Fishing Lines
24:21 Castle Age
25:36 Gillnets
27:41 Wheelbarrow
30:11 Gold Shaft Mining
29:49 Bow Saw
32:08 Bodkin Arrow
37:09 Imperial Age
34:48 Scale Mail Armor
34:59 Forging
38:31 Gambesons
38:47 Squires
39:30 Conscription
39:40 Chain Mail Armor
39:54 Hamask
41:14 Iron Casting
42:29 Bracer
42:29 Padded Archer Armor
43:00 Plate Mail Armor
42:07 Elite Skirmisher
mark_aoe_2024
6:06 Loom
15:08 Feudal Age
15:42 Double-Bit Axe
22:28 Castle Age
20:33 Domestication
21:00 Stone Mining
21:04 Gold Mining
21:37 Forging
21:34 Scale Barding Armor
22:34 Light Cavalry
28:03 Fletching
29:04 Bow Saw
30:07 Wheelbarrow
31:55 Bodkin Arrow
33:31 Hand Cart
33:24 Heavy Cavalry Archer
37:23 Thumb Ring
42:44 Murder Holes
43:10 Ballistics
سلام عليكم Salam Alaiku
5:10 Loom
16:27 Feudal Age
17:53 Wheelbarrow
17:11 Double-Bit Axe
18:30 Fishing Lines
22:42 Castle Age
20:57 Forging
21:35 Scale Barding Armor
23:36 Medium Warships
23:46 Husbandry
26:48 Gold Mining
31:34 Chain Barding Armor
31:18 Town Watch
31:50 Hand Cart
32:31 Fletching
36:51 Bow Saw
38:04 Iron Casting
39:47 Padded Archer Armor
41:40 Murder Holes
43:11 Bodkin Arrow
dexer21
4:56 Loom
14:34 Feudal Age
15:43 Double-Bit Axe
19:23 Fishing Lines
22:03 Castle Age
23:26 Bow Saw
24:16 Wheelbarrow
25:20 Fletching
25:31 Padded Archer Armor
27:05 Elite Skirmisher
32:48 Horse Collar
39:26 Imperial Age
37:33 Town Watch
37:43 Gillnets
38:58 Hand Cart
40:31 Bodkin Arrow
41:38 Ballistics
41:35 Thumb Ring
43:28 Leather Archer Armor
43:13 Bracer
44:52 Chemistry
Dreyn
9:15 Loom
12:42 Feudal Age
13:27 Arson
14:00 Man-at-Arms
15:16 Fishing Lines
16:01 Horse Collar
19:46 Scale Mail Armor
20:03 Fletching
20:25 Forging
21:23 Wheelbarrow
23:57 Castle Age
22:21 Double-Bit Axe
25:11 Chain Mail Armor
25:04 Gold Mining
25:47 Bow Saw
31:35 Pikeman
Woyschtel
12:13 Loom
14:43 Feudal Age
17:05 Wheelbarrow
20:07 Castle Age
20:07 Padded Archer Armor
22:46 Leather Archer Armor
22:29 Double-Bit Axe
23:57 Bow Saw
23:30 Horse Collar
39:54 Gold Mining
41:33 Bloodlines
41:37 Husbandry
41:05 Light Cavalry
41:55 Bloodlines
DreYn
17:17 Feudal Age
17:43 Double-Bit Axe
17:50 Gold Mining
18:06 Horse Collar
20:39 Loom
21:31 Wheelbarrow
45:51 Castle Age
Zutn
7:20 Loom
14:01 Feudal Age
14:46 Fishing Lines
15:47 Forging
18:08 Castle Age
17:13 Double-Bit Axe
19:37 Iron Casting
19:18 Bow Saw
19:40 Scale Barding Armor
19:25 Town Watch
20:43 Wheelbarrow
21:13 Gillnets
22:01 Medium Warships
23:02 Horse Collar
26:11 Chain Barding Armor
29:22 Bloodlines
29:13 Husbandry
29:58 Hand Cart
37:31 Imperial Age
38:43 Conscription
38:15 Elite Boyar
38:56 Scale Mail Armor
39:39 Plate Barding Armor
40:07 Detinets
40:07 Gold Mining
40:07 Stone Mining
Connection lost

Rejoining the realm…

Still unreachable

The connection could not be restored.

Session expired

The server has moved on; the page needs a fresh start.